 Dungeon Crawl Stone Soup version 0.28-a0-957-g42eb19b844 (webtiles) character file.

Game seed: 10507414539263421458

69 kae the Skirmisher (level 4, 0/35 HPs)
             Began as a Demonspawn Abyssal Knight on Nov 30, 2021.
             Was a Follower of Lugonu.
             Slain by a gnoll (2 damage)
             ... on level 2 of the Dungeon.
             The game lasted 00:01:00 (1977 turns).

kae the Skirmisher (Demonspawn Abyssal Knight)      Turns: 1977, Time: 00:01:01

Health: 0/35       AC:  8    Str: 16    XL:     4   Next: 2%
Magic:  6/6        EV: 11    Int: 11    God:    Lugonu [*.....]
Gold:   11         SH:  0    Dex: 13    Spells: 3/3 levels left

rFire   . . .      SeeInvis .   a - +1 mace
rCold   . . .      Faith    .   (no shield)
rNeg    . . .      Spirit   .   b - +2 leather armour
rPois   .          Reflect  .   e - +2 helmet
rElec   .          Harm     .   (no cloak)
rCorr   .          Rampage  .   (no gloves)
Will    .....                   (no boots)
Stlth   +.........              (no amulet)
HPRegen 0.11/turn               (no ring)
MPRegen 0.10/turn               (no ring)

@: no status effects
A: demonic magic 2
a: Renounce Religion, Depart the Abyss


You were on level 2 of the Dungeon.
You worshipped Lugonu.
Lugonu was aware of your devotion.
You visited 1 branch of the dungeon, and saw 2 of its levels.
You visited the Abyss 1 time.

You collected 11 gold pieces.

Inventory:

Hand Weapons
 a - a +1 mace (weapon)
Armour
 b - a +2 leather armour (worn)
 e - a +2 helmet (worn)
Scrolls
 c - a scroll of enchant armour
 d - a scroll of fog
Potions
 f - a potion of curing {unknown}
 h - a potion of heal wounds {unknown}
 i - a potion of lignification {unknown}


   Skills:
 + Level 3.5 Fighting
 * Level 3.0 Maces & Flails
 - Level 1.7 Armour
 - Level 0.8 Dodging
 + Level 3.4 Invocations


You had 3 spell levels left.
You didn't know any spells.
Your spell library was empty.

Dungeon Overview and Level Annotations

Branches:
Dungeon (2/15)

Altars:


Innate Abilities, Weirdness & Mutations

Spells you cast may paralyse nearby enemies.


Message History

The gnoll barely misses you.
You barely miss the hobgoblin.
The hobgoblin is moderately wounded.
The hobgoblin closely misses you. The gnoll barely misses you.
The hobgoblin closely misses you.
There are monsters nearby!
Unknown command.
You sock the hobgoblin!
You kill the hobgoblin!
Lugonu accepts your kill.
Your Maces & Flails skill increases to level 3!
You hit the gnoll.
The gnoll is heavily wounded.
The gnoll misses you.
You hit the gnoll but do no damage.
The gnoll is heavily wounded.
The gnoll barely misses you. x2
You sock the gnoll!
You kill the gnoll!
Lugonu accepts your kill.
The gnoll hits you from afar with a +0 halberd!
You have reached level 4!
You feel stronger.
Your demonic ancestry asserts itself...
Your magic grows more menacing.
The gnoll throws a throwing net.
The throwing net hits you.
You become entangled in the net!
You see here a throwing net.
You struggle against the net.
You struggle against the net.
The gnoll hits you from afar with a +0 halberd!
You struggle against the net.
The gnoll hits you from afar with a +0 halberd.
You shred the net and break free!
The gnoll hits you from afar with a +0 halberd!
* * * LOW HITPOINT WARNING * * *
The gnoll hits you with a +0 whip.
* * * LOW HITPOINT WARNING * * *
There is a stone staircase leading up here.
The gnoll hits you with a +0 whip.
You die...

## .># ..# #.# ..# #.# ... #.#
# #.. #.# ###. #.####### #.#
#.####.# ..... #.#...#@# #.#
#.......
......#.#.#.#g#####.########.#
..⌠.....)..gg.................
.....##.###.#.###.#.#.######.#
... ...........#.#.#.........
# #.##.#.......#.#.##.#####.#
# #.#.#....##.#.##.# #.#
#.#.#.......#.##.#####.#
#.#.#...................


You could see 2 gnolls.

Vanquished Creatures
  A gnoll (D:2)
  An adder (D:2)
  4 endoplasms (D:1)
  6 goblins (D:1)
  6 hobgoblins
  13 jackals (D:1)
  A quokka (D:1)
  A ball python (D:1)
  2 bats (D:1)
  A frilled lizard (D:1)
  3 kobolds (D:1)
  4 rats (D:1)
43 creatures vanquished.

Notes
Turn   | Place    | Note
-------+----------+-------------------------------------------
     0 | Abyss:1  | kae the Demonspawn Abyssal Knight began the quest for the
                  | Orb.
     0 | Abyss:1  | Reached XP level 1. HP: 18/18 MP: 2/2
    76 | Abyss:1  | Noticed a thrashing horror
    77 | D:1      | Escaped the Abyss
   448 | D:1      | Found a faded altar of an unknown god.
   459 | D:1      | Gained mutation: Spells you cast may paralyse adjacent
                  | enemies. [demonic ancestry]
   459 | D:1      | Reached XP level 2. HP: 24/24 MP: 4/4
   464 | D:1      | Reached * piety under Lugonu
   716 | D:1      | Reached XP level 3. HP: 24/29 MP: 5/5
  1968 | D:2      | Gained mutation: Spells you cast may paralyse nearby
                  | enemies. [demonic ancestry]
  1968 | D:2      | Reached XP level 4. HP: 25/35 MP: 6/6
  1974 | D:2      | HP: 1/35 [gnoll (4)]
  1977 | D:2      | Slain by a gnoll

Illustrated notes

Levels and vault maps discovered:
D:1:      kennysheep_arrival_forest, layout_rooms,
          shapermc_ecumenical_altar_flowoftime
D:2:      layout_basic, serial_shops, nicolae_shop_bloodbath_and_beyond,
          solitary_fountain, minmay_pentomino_pile

Skill      XL: |  1  2  3 |
---------------+----------+-----
Maces & Flails | 2 3 |  3.0
Invocations    | 3 |  3.4
Fighting       | |  3.5
Armour         | |  1.7
Dodging        | |  0.8

Action                   |  1- 3 |  4- 6 || total
-------------------------+-------+-------++-------
Melee: Mace              |   113 |       ||   113
Invok: Depart the Abyss  |     1 |       ||     1
  Use: Potion            |     1 |       ||     1
       Scroll            |     6 |       ||     6
Armor: Leather armour    |    45 |       ||    45
Dodge: Dodged            |   111 |       ||   111

Table legend: (Time is in decaauts)
 A = Elapsed time spent in this place.
 B = Non-inter-level travel time spent in this place.
 C = Inter-level travel time spent in this place.
 D = Time resting spent in this place.
 E = Time spent auto-exploring this place.
 F = Levels seen in this place.
 G = Mean time per level.
                   A        B        C        D        E       F      G
               +--------+--------+--------+--------+--------+-----+--------+
         Total |   2007 |   1942 |     65 |    346 |   1288 |   3 |  669.0 |
       Dungeon |   1930 |   1865 |     65 |    346 |   1216 |   2 |  965.0 |
         Abyss |     77 |     77 |      0 |      0 |     72 |   1 |   77.0 |
               +--------+--------+--------+--------+--------+-----+--------+

Top non-repeatable levels by time:
     D:1: 1570 daAuts
     D:2: 360 daAuts
 Abyss:1: 77 daAuts
